TOP OF THE 1ST |
Houston Astros batting - Pitching for Kansas City Royals : LHP John Hall
|
Pitching: LHP John Hall
|
|
Batting: RHB Danny Merrill
|
0-0: Ball 1-0: Ball 2-0: Called Strike 2-1: Ball 3-1: Ground out 5-3 (Groundball, 56, EV 102.5 MPH)
|
Batting: RHB Josh Froyd
|
0-0: Called Strike 0-1: Called Strike 0-2: Ball 1-2: Strikes out swinging
|
Batting: RHB Chris Lane
|
0-0: Ball 1-0: Ball 2-0: Ball 3-0: Base on Balls
|
Batting: RHB Jeremy Trump
|
0-0: Ball 1-0: Ball Wild Pitch! Chris Lane to second 2-0: Swinging Strike 2-1: Foul Ball, location: 2F 2-2: Ball 3-2: Foul Ball, location: 2F 3-2: Foul Ball, location: 2F 3-2: Base on Balls
|
Batting: SHB Joe Gardner
|
0-0: Called Strike 0-1: Fielders Choice at 2nd, 5-4 (Groundball, 5, EV 80.6 MPH)
|
Top of the 1st over - 0 runs, 0 hits, 0 errors, 2 left on base; Houston 0 - Kansas City 0 |
BOTTOM OF THE 1ST |
Kansas City Royals batting - Pitching for Houston Astros : RHP Salisbury Swanson
|
Pitching: RHP Salisbury Swanson
|
|
Batting: SHB Jose Pacheco
|
0-0: Foul Ball, location: 2F 0-1: Foul Ball, location: 2F 0-2: Foul Ball, location: 2F 0-2: Strikes out swinging
|
Batting: LHB Bill Baconneck
|
0-0: Called Strike 0-1: SINGLE (Groundball, 34D, EV 106.9 MPH)
|
Batting: LHB Mike Meyerhoff
|
0-0: Ball 1-0: Called Strike 1-1: Ball 2-1: Foul Ball, location: 2F 2-2: Ball 3-2: Base on Balls Bill Baconneck to second
|
Batting: RHB Mike Jaquez
|
0-0: Foul Ball, location: 2F 0-1: Called Strike 0-2: Foul Ball, location: 2F 0-2: Foul Ball, location: 2F 0-2: Foul Ball, location: 2F 0-2: Strikes out looking
|
Batting: LHB Roman Downey
|
0-0: Ball 1-0: Foul Ball, location: 2F 1-1: Swinging Strike 1-2: Ball 2-2: Ball 3-2: Foul Ball, location: 2F 3-2: Fly out, F7 (Flyball, 7D, EV 96.2 MPH)
|
Bottom of the 1st over - 0 runs, 1 hit, 0 errors, 2 left on base; Houston 0 - Kansas City 0 |
TOP OF THE 2ND |
Houston Astros batting - Pitching for Kansas City Royals : LHP John Hall
|
Batting: RHB Antonio Aranda
|
0-0: Bunt for hit to 15 - play at first, batter OUT! 1-3
|
Batting: LHB Jim Keefe
|
0-0: Ball 1-0: Foul Ball, location: 2F 1-1: Foul Ball, location: 2F 1-2: Foul Ball, location: 2F 1-2: Fly out, F8 (Flyball, 8LS, EV 83.1 MPH)
|
Batting: RHB Elijah Hunter
|
0-0: Ball 1-0: Foul Ball, location: 2F 1-1: Foul Ball, location: 2F 1-2: Strikes out swinging
|
Top of the 2nd over - 0 runs, 0 hits, 0 errors, 0 left on base; Houston 0 - Kansas City 0 |
BOTTOM OF THE 2ND |
Kansas City Royals batting - Pitching for Houston Astros : RHP Salisbury Swanson
|
Batting: LHB Manny Estrada
|
0-0: Fly out, F8 (Flyball, 78D, EV 82.5 MPH)
|
Batting: RHB Bob Najar
|
0-0: Ball 1-0: SINGLE (Groundball, 34D, EV 103.8 MPH)
|
Batting: LHB Zion Davidson
|
0-0: Called Strike 0-1: Foul Ball, location: 2F 0-2: Strikes out swinging
|
Batting: RHB Mikolas Markus
|
0-0: Called Strike 0-1: Called Strike 0-2: Foul Ball, location: 2F 0-2: Ball 1-2: Strikes out swinging
|
Bottom of the 2nd over - 0 runs, 1 hit, 0 errors, 1 left on base; Houston 0 - Kansas City 0 |
TOP OF THE 3RD |
Houston Astros batting - Pitching for Kansas City Royals : LHP John Hall
|
Batting: SHB Paskar Adegoke
|
0-0: Called Strike 0-1: Ball 1-1: Swinging Strike 1-2: Ball 2-2: Ball 3-2: Strikes out swinging
|
Batting: RHB Danny Merrill
|
0-0: Called Strike 0-1: Fly out, F8 (Line Drive, 8LD, EV 107.5 MPH)
|
Batting: RHB Josh Froyd
|
0-0: Called Strike 0-1: Ball 1-1: Foul Ball, location: 2F 1-2: Strikes out swinging
|
Top of the 3rd over - 0 runs, 0 hits, 0 errors, 0 left on base; Houston 0 - Kansas City 0 |
BOTTOM OF THE 3RD |
Kansas City Royals batting - Pitching for Houston Astros : RHP Salisbury Swanson
|
Batting: SHB Jose Pacheco
|
0-0: Ball 1-0: Called Strike 1-1: Swinging Strike 1-2: Fly out, F9 (Flyball, 9D, EV 89.4 MPH)
|
Batting: LHB Bill Baconneck
|
0-0: Ground out U3 (Groundball, 3, EV 92.5 MPH)
|
Batting: LHB Mike Meyerhoff
|
0-0: Ball 1-0: Ball 2-0: Ball 3-0: Base on Balls
|
Batting: RHB Mike Jaquez
|
0-0: Ball 1-0: Foul Ball, location: 2F 1-1: Ball 2-1: 2-RUN HOME RUN (Flyball, 78XD, EV 106.9 MPH), Distance : 436 ft
|
Batting: LHB Roman Downey
|
0-0: Foul Ball, location: 2F 0-1: Ball 1-1: Fly out, F9 (Flyball, 89M, EV 83.1 MPH)
|
Bottom of the 3rd over - 2 runs, 1 hit, 0 errors, 0 left on base; Houston 0 - Kansas City 2 |
TOP OF THE 4TH |
Houston Astros batting - Pitching for Kansas City Royals : LHP John Hall
|
Batting: RHB Chris Lane
|
0-0: Called Strike 0-1: Fly out, F8 (Flyball, 89D, EV 101.9 MPH)
|
Batting: RHB Jeremy Trump
|
0-0: Called Strike 0-1: Swinging Strike 0-2: Ball 1-2: Ball 2-2: Strikes out looking
|
Batting: SHB Joe Gardner
|
0-0: Ball 1-0: Swinging Strike 1-1: Fly out, F8 (Flyball, 8LD, EV 97.5 MPH)
|
Top of the 4th over - 0 runs, 0 hits, 0 errors, 0 left on base; Houston 0 - Kansas City 2 |
BOTTOM OF THE 4TH |
Kansas City Royals batting - Pitching for Houston Astros : RHP Salisbury Swanson
|
Batting: LHB Manny Estrada
|
0-0: Called Strike 0-1: Swinging Strike 0-2: Strikes out swinging
|
Batting: RHB Bob Najar
|
0-0: Ball 1-0: Called Strike 1-1: Fly out, F9 (Flyball, 89S, EV 94.4 MPH)
|
Batting: LHB Zion Davidson
|
0-0: Foul Ball, location: 2F 0-1: Called Strike 0-2: Foul Ball, location: 2F 0-2: Fly out, F7 (Flyball, 7LM, EV 78.1 MPH)
|
Bottom of the 4th over - 0 runs, 0 hits, 0 errors, 0 left on base; Houston 0 - Kansas City 2 |
TOP OF THE 5TH |
Houston Astros batting - Pitching for Kansas City Royals : LHP John Hall
|
Now at 1B: Chris Eaker
|
|
Batting: RHB Antonio Aranda
|
0-0: Foul Ball, location: 2F 0-1: Ball 1-1: Foul Ball, location: 2F 1-2: Ball 2-2: Ball 3-2: Ground out 5-3 (Groundball, 5, EV 106.2 MPH)
|
Batting: LHB Jim Keefe
|
0-0: Foul Ball, location: 2F 0-1: Called Strike 0-2: Ball 1-2: Foul Ball, location: 2F 1-2: Ball 2-2: Foul Ball, location: 2F 2-2: Ball 3-2: Base on Balls
|
Batting: RHB Elijah Hunter
|
0-0: Called Strike 0-1: Called Strike 0-2: Ball 1-2: Strikes out swinging
|
Pitching: RHP Josh Moncada
|
|
Batting: SHB Paskar Adegoke
|
0-0: Called Strike 0-1: Foul Ball, location: 2F 0-2: Foul Ball, location: 2F 0-2: Ground out 4-3 (Groundball, 4, EV 106.2 MPH)
|
Top of the 5th over - 0 runs, 0 hits, 0 errors, 1 left on base; Houston 0 - Kansas City 2 |
BOTTOM OF THE 5TH |
Kansas City Royals batting - Pitching for Houston Astros : RHP Salisbury Swanson
|
Now at 1B: Angelo Vasquez
|
|
Now at 2B: Chris Cabrera
|
|
Now in LF: Bryce Hill
|
|
Now in CF: Bruce Bermudez
|
|
Batting: RHB Mikolas Markus
|
0-0: Foul Ball, location: 2F 0-1: Foul Ball, location: 2F 0-2: Ball 1-2: Ball 2-2: Ball 3-2: Foul Ball, location: 2F 3-2: Base on Balls
|
Batting: SHB Jose Pacheco
|
0-0: Called Strike 0-1: Fly out, F8 (Line Drive, 8RM, EV 90.0 MPH)
|
Batting: LHB Bill Baconneck
|
0-0: Called Strike 0-1: Called Strike 0-2: Ball 1-2: Foul Ball, location: 2F 1-2: Ball 2-2: Strikes out swinging
|
Pitching: RHP Willie Jimenez
|
|
Batting: LHB Mike Meyerhoff
|
0-0: Ball 1-0: Ground out 4-3 (Groundball, 34, EV 86.9 MPH)
|
Bottom of the 5th over - 0 runs, 0 hits, 0 errors, 1 left on base; Houston 0 - Kansas City 2 |
TOP OF THE 6TH |
Houston Astros batting - Pitching for Kansas City Royals : RHP Josh Moncada
|
Batting: RHB Chang-wei Jiang
|
0-0: Fly out, F8 (Flyball, 8RM, EV 75.6 MPH)
|
Batting: RHB Josh Froyd
|
0-0: Foul Ball, location: 2F 0-1: Ground out 4-3 (Groundball, 4, EV 79.4 MPH)
|
Batting: LHB Bryce Hill
|
0-0: Ball 1-0: Ball 2-0: Ball 3-0: Called Strike 3-1: Called Strike 3-2: Strikes out swinging
|
Top of the 6th over - 0 runs, 0 hits, 0 errors, 0 left on base; Houston 0 - Kansas City 2 |
BOTTOM OF THE 6TH |
Kansas City Royals batting - Pitching for Houston Astros : RHP Willie Jimenez
|
Pinch Hitting: RHB Imbart Faber
|
0-0: Called Strike 0-1: Foul Ball, location: 2F 0-2: Ball 1-2: Strikes out swinging
|
Pinch Hitting: SHB Gil Switzer
|
0-0: Called Strike 0-1: Foul Ball, location: 2F 0-2: Ball 1-2: Fly out, F8 (Flyball, 78M, EV 75.0 MPH)
|
Batting: LHB Chris Eaker
|
0-0: Ball 1-0: Ball 2-0: Ball 3-0: Called Strike 3-1: Foul Ball, location: 2F 3-2: Base on Balls
|
Batting: RHB Bob Najar
|
0-0: Ball 1-0: SINGLE (Groundball, 4D, EV 110.0 MPH) Chris Eaker to second Runner from 2nd tries for 3rd, SAFE, throw by RF made to third
|
Batting: LHB Zion Davidson
|
0-0: Ball 1-0: Swinging Strike 1-1: SINGLE (Groundball, 6S, EV 74.4 MPH) (infield hit) Chris Eaker scores Bob Najar to second
|
Pinch Hitting: RHB Yuichi Takata
|
0-0: Ball 1-0: Ball 2-0: SINGLE (Groundball, 34D, EV 100.0 MPH) Bob Najar to third Zion Davidson to second
|
Pinch Hitting: SHB Jared O'Connor
|
0-0: Ball 1-0: Ball 2-0: Called Strike 2-1: Foul Ball, location: 2F 2-2: Reached on error, E4 (Groundball, 4D, EV 100.6 MPH) Bob Najar scores Zion Davidson to third Yuichi Takata to second
|
Batting: RHB Adam Martin
|
0-0: Swinging Strike 0-1: SINGLE (Groundball, 4MD, EV 105.6 MPH) Zion Davidson scores Yuichi Takata to third Jared O'Connor to second Runner from 3rd tries for Home, SAFE, throw by CF to home
|
Pitching: RHP Paul Schwartz
|
|
Batting: LHB Mike Meyerhoff
|
0-0: Ball 1-0: Foul Ball, location: 2F 1-1: Fly out, F9 (Flyball, 9D, EV 105.6 MPH)
|
Bottom of the 6th over - 4 runs, 4 hits, 1 error, 2 left on base; Houston 0 - Kansas City 6 |
TOP OF THE 7TH |
Houston Astros batting - Pitching for Kansas City Royals : RHP Josh Moncada
|
Pitching: RHP Asa Hahn
|
|
Now at 2B: Imbart Faber
|
|
Now at 3B: Jared O'Connor
|
|
Now at SS: Yuichi Takata
|
|
Now in RF: Gil Switzer
|
|
Batting: LHB Angelo Vasquez
|
0-0: Swinging Strike 0-1: Foul Ball, location: 2F 0-2: Ground out U3 (Groundball, 34S, EV 84.4 MPH)
|
Batting: LHB Chris Cabrera
|
0-0: Ball 1-0: Called Strike 1-1: Foul Ball, location: 2F 1-2: Strikes out swinging
|
Pinch Hitting: LHB Shigeru Ono
|
0-0: Ball 1-0: Ball 2-0: Swinging Strike 2-1: Swinging Strike 2-2: Strikes out swinging
|
Top of the 7th over - 0 runs, 0 hits, 0 errors, 0 left on base; Houston 0 - Kansas City 6 |
BOTTOM OF THE 7TH |
Kansas City Royals batting - Pitching for Houston Astros : RHP Paul Schwartz
|
Now in RF: Shigeru Ono
|
|
Batting: RHB Imbart Faber
|
0-0: Ball 1-0: Swinging Strike 1-1: Swinging Strike 1-2: Strikes out swinging
|
Batting: SHB Gil Switzer
|
0-0: Called Strike 0-1: Ball 1-1: Ground out 4-3 (Groundball, 4, EV 103.1 MPH)
|
Batting: LHB Chris Eaker
|
0-0: Called Strike 0-1: Foul Ball, location: 2F 0-2: Ball 1-2: Ball 2-2: Ball 3-2: Strikes out swinging
|
Bottom of the 7th over - 0 runs, 0 hits, 0 errors, 0 left on base; Houston 0 - Kansas City 6 |
TOP OF THE 8TH |
Houston Astros batting - Pitching for Kansas City Royals : RHP Asa Hahn
|
Pitching: RHP Jake Gregor
|
|
Batting: LHB Jim Keefe
|
0-0: Called Strike 0-1: Ball 1-1: Ball 2-1: Ball 3-1: Base on Balls
|
Batting: RHB Bruce Bermudez
|
0-0: Called Strike 0-1: Swinging Strike 0-2: Foul Ball, location: 2F 0-2: Foul Ball, location: 2F 0-2: Strikes out swinging
|
Pinch Hitting: RHB Eric Chotkowski
|
0-0: Swinging Strike 0-1: Ball 1-1: Foul Ball, location: 2F 1-2: Ball 2-2: Strikes out swinging
|
Batting: RHB Chang-wei Jiang
|
0-0: Ball 1-0: Ball 2-0: Ball 3-0: Base on Balls Jim Keefe to second
|
Batting: RHB Josh Froyd
|
0-0: Ball 1-0: Ball 2-0: Swinging Strike 2-1: Foul Ball, location: 2F 2-2: Ball 3-2: Strikes out looking
|
Top of the 8th over - 0 runs, 0 hits, 0 errors, 2 left on base; Houston 0 - Kansas City 6 |
BOTTOM OF THE 8TH |
Kansas City Royals batting - Pitching for Houston Astros : RHP Paul Schwartz
|
Now at 3B: Eric Chotkowski
|
|
Batting: RHB Bob Najar
|
0-0: Swinging Strike 0-1: Swinging Strike 0-2: Foul Ball, location: 2F 0-2: Ball 1-2: Ball 2-2: Foul Ball, location: 2F 2-2: Strikes out swinging
|
Batting: LHB Zion Davidson
|
0-0: Ball 1-0: Foul Ball, location: 2F 1-1: Called Strike 1-2: Strikes out looking
|
Batting: RHB Yuichi Takata
|
0-0: Called Strike 0-1: Foul Ball, location: 2F 0-2: Foul Ball, location: 2F 0-2: Ball 1-2: Strikes out looking
|
Bottom of the 8th over - 0 runs, 0 hits, 0 errors, 0 left on base; Houston 0 - Kansas City 6 |
TOP OF THE 9TH |
Houston Astros batting - Pitching for Kansas City Royals : RHP Jake Gregor
|
Pitching: RHP Brian Straub
|
|
Batting: LHB Bryce Hill
|
0-0: Ball 1-0: Ground out 1-3 (Groundball, 13S, EV 66.9 MPH)
|
Batting: LHB Angelo Vasquez
|
0-0: Ball 1-0: Fly out, F7 (Flyball, 7D, EV 89.4 MPH)
|
Batting: LHB Chris Cabrera
|
0-0: Fly out, F8 (Line Drive, 8LS, EV 93.8 MPH)
|
Top of the 9th over - 0 runs, 0 hits, 0 errors, 0 left on base; Houston 0 - Kansas City 6 |
|